Panthers vs Sabres

Created - January 3 2011 at 17:27

Goals
1 2 3 T
Panthers 1 0 1 2
Sabres 1 4 2 7
Shots
1 2 3 T
Panthers 11 6 7 24
Sabres 6 10 13 29

Period #1

1. Sabres , Mike Richards 19 (Chris Phillips, Tuomo Ruutu) at 6:55
2. Panthers , Mikael Samuelsson 15 (Jaroslav Spacek, Rich Peverley) at 13:39

Penalties :
Craig Rivet (FLA) for Hooking (Minor) at 1:51, Johan Franzen (BUF) for Hooking (Minor) at 3:59, Patrick Kaleta (BUF) for Tripping (Minor) at 8:13, Alexei Ponikarovsky (FLA) for Hooking (Minor) at 18:55

Period #2

3. Sabres , Jeff Schultz 2 (Kim Johnsson) at 9:17
4. Sabres , Mike Richards 20 (Devin Setoguchi, Brooks Laich) at 11:26
5. Sabres , Mike Richards 21 (Jeff Schultz, Kim Johnsson) at 15:14
6. Sabres , Tuomo Ruutu 6 (Patrick Kaleta, Mike Richards) at 19:20

Penalties :
Luke Schenn (BUF) for Hooking (Minor) at 1:16, Patrick Kaleta (BUF) for Interference (Minor) at 7:13, James Neal (BUF) for Interference (Minor) at 19:39

Period #3

7. Sabres , Devin Setoguchi 7 (Johan Franzen, Kim Johnsson) at 2:37
8. Sabres , Joni Pitkanen 4 (Paul Gaustad, Johan Franzen) at 9:10 (PP)
9. Panthers , Maxim Afinogenov 10 (Jaroslav Spacek, Mikael Samuelsson) at 15:35

Penalties :
Luke Schenn (BUF) for Roughing (Minor) at 5:37, Chad Larose (FLA) for High sticking (Minor) at 7:56, Aaron Johnson (FLA) for Hooking (Minor) at 11:35, Paul Gaustad (BUF) for Hooking (Minor) at 13:31, Luke Schenn (BUF) for Tripping (Minor) at 19:29

Goalie Stats

Niklas Backstrom (FLA), 11 saves from 16 shots - (0.688), L, 17-10-2, 39:20 minutes
Rick Dipietro (FLA), 11 saves from 13 shots - (0.846), 20:40 minutes
Marty Turco (BUF), 22 saves from 24 shots - (0.917), W, 25-10-6, 60:00 minutes

Players Stats

Panthers
Player Name              G  A  P  +/- PIM S  H  SB FO    MP 
------------------------------------------------------------
Aaron Johnson            0  0  0  -3  2   0  0  0  0/0   14 
Alexei Ponikarovsky      0  0  0   1  2   1  2  0  1/1   19 
Andrew Brunette          0  0  0  -1  0   4  0  0  1/2   17 
Anze Kopitar             0  0  0  -2  0   2  1  0  15/25 22 
Brian Rafalski           0  0  0  -2  0   1  0  3  0/0   23 
Chad Larose              0  0  0  -3  2   0  2  0  0/1   17 
Craig Rivet              0  0  0   1  2   0  1  0  0/0   15 
Curtis Glencross         0  0  0  -1  0   3  0  0  2/2   15 
Frans Nielsen            0  0  0  -3  0   2  0  0  15/29 22 
Jaroslav Spacek          0  2  2   1  0   1  0  3  0/0   18 
Jason Chimera            0  0  0  -1  0   0  0  0  0/0   0  
Marc-Andre Bergeron      0  0  0  -3  0   1  0  0  0/0   19 
Maxim Afinogenov         1  0  1   0  0   2  0  0  0/2   14 
Mikael Samuelsson        1  1  2   0  0   3  1  0  2/2   21 
Pierre-Marc Bouchard     0  0  0  -3  0   2  0  0  0/1   12 
Rich Peverley            0  1  1   1  0   2  0  0  7/16  22 
Ryan Potulny             0  0  0   0  0   0  0  0  0/0   0  
Stephane Robidas         0  0  0  -2  0   0  2  3  0/0   23 
Sabres
Player Name              G  A  P  +/- PIM S  H  SB FO    MP 
------------------------------------------------------------
Brooks Laich             0  1  1  -1  0   4  0  1  1/10  24 
Chris Phillips           0  1  1   1  0   0  0  2  0/0   5  
Devin Setoguchi          1  1  2   4  0   1  0  0  1/1   20 
Dmitry Kulikov           0  0  0   0  0   1  0  0  0/1   7  
Eric Fehr                0  0  0   0  0   2  0  0  1/1   14 
James Neal               0  0  0   0  2   0  2  0  2/8   21 
Jeff Schultz             1  1  2   2  0   2  0  2  1/2   23 
Johan Franzen            0  2  2   1  2   4  1  0  3/3   20 
Joni Pitkanen            1  0  1   0  0   2  0  0  0/0   22 
Karl Alzner              0  0  0   0  0   0  1  0  0/0   5  
Kim Johnsson             0  3  3   3  0   2  0  0  0/1   20 
Luke Schenn              0  0  0   1  6   1  4  1  0/0   13 
Mike Richards            3  1  4   2  0   7  3  0  20/36 26 
Patrick Kaleta           0  1  1   3  4   0  3  0  3/4   17 
Paul Gaustad             0  1  1   0  2   1  0  2  5/12  20 
Tuomo Ruutu              1  1  2   4  0   1  2  1  1/2   23 
Tyler Myers              0  0  0   0  0   1  0  1  0/0   2  
Victor Hedman            0  0  0   0  0   0  0  0  0/0   5  

3 Stars

1 - Mike Richards (BUF)
2 - Tuomo Ruutu (BUF)
3 - Devin Setoguchi (BUF)

Power Play

Panthers - 0 on 8 Attempt(s) - 0.00%
Sabres - 1 on 4 Attempt(s) - 25.00%

Penalty Kill

Panthers - 3 on 4 Attempt(s) - 75.00% - Score 0 goal in Penalty Kill
Sabres - 8 on 8 Attempt(s) - 100.00% - Score 0 goal in Penalty Kill

Game Notes

Tyler Myers is injured at 4:17 of 1st period (Sprained Right Finger)
Chris Phillips is injured at 10:20 of 1st period (Left Foot)
Mike Richards has scored a Hat Trick!
Rick Dipietro enters game at 19:20 of 2nd period

Finance

Level 1 -- Attendance: 6500 (100.00%) -- Ticket Income $572,000.00
Level 2 -- Attendance: 4739 (94.78%) -- Ticket Income $236,950.00
Level 3 -- Attendance: 3328 (95.09%) -- Ticket Income $106,496.00
Level 4 -- Attendance: 2464 (91.60%) -- Ticket Income $46,816.00
Luxury Box -- Attendance: 913 (91.30%) -- Ticket Income $170,731.00
Game was played at the HSBC Arena
Total Attendance: 17944 (96.01%)
Total Ticket Income: $1,137,558.00
Other Income: $164,992.20
Total Income: $1,302,550.00


Play by Play

Period #1

0:01 of 1st period - Mike Richards wins face-off versus Anze Kopitar in neutral zone.
1:08 of 1st period - Shot by Brooks Laich.
1:08 of 1st period - Stopped by Niklas Backstrom without a rebound.
1:09 of 1st period - Frans Nielsen wins face-off versus Paul Gaustad in Panthers zone.
1:09 of 1st period - Frans Nielsen is hit by Patrick Kaleta.
1:21 of 1st period - Shot by Chad Larose.
1:21 of 1st period - Shot Misses the Net.
1:23 of 1st period - Shot by Stephane Robidas.
1:23 of 1st period - Shot Misses the Net.
1:25 of 1st period - Shot by Marc-Andre Bergeron.
1:25 of 1st period - Shot Misses the Net.
1:29 of 1st period - Shot by Chad Larose.
1:29 of 1st period - Deflect By Pierre-Marc Bouchard.
1:29 of 1st period - Stopped by Marty Turco without a rebound.
1:30 of 1st period - Brooks Laich wins face-off versus Rich Peverley in Sabres zone.
1:51 of 1st period - Shot by Brooks Laich.
1:51 of 1st period - Stopped by Niklas Backstrom without a rebound.
1:51 of 1st period - Minor Penalty to Craig Rivet for Hooking.
1:52 of 1st period - Frans Nielsen wins face-off versus Brooks Laich in Panthers zone.
2:02 of 1st period - Off-side.
2:03 of 1st period - Mike Richards wins face-off versus Frans Nielsen in neutral zone.
2:10 of 1st period - Shot by Devin Setoguchi.
2:10 of 1st period - Shot Misses the Net.
2:12 of 1st period - Shot by Tyler Myers.
2:12 of 1st period - Shot Misses the Net.
2:14 of 1st period - Shot by Tuomo Ruutu.
2:14 of 1st period - Shot Misses the Net.
2:16 of 1st period - Shot by Tyler Myers.
2:16 of 1st period - Stopped by Niklas Backstrom without a rebound.
2:17 of 1st period - Rich Peverley wins face-off versus Brooks Laich in Panthers zone.
2:41 of 1st period - Shot by Jeff Schultz.
2:41 of 1st period - Shot Misses the Net.
3:08 of 1st period - Icing by Tuomo Ruutu.
3:09 of 1st period - Mike Richards wins face-off versus Frans Nielsen in Sabres zone.
3:20 of 1st period - Shot by Tyler Myers.
3:20 of 1st period - Shot Misses the Net.
3:59 of 1st period - Minor Penalty to Johan Franzen for Hooking.
4:00 of 1st period - Mike Richards wins face-off versus Anze Kopitar in Sabres zone.
4:11 of 1st period - Shot by Marc-Andre Bergeron.
4:11 of 1st period - Stopped by Marty Turco with a rebound.
4:15 of 1st period - Shot by Mikael Samuelsson.
4:15 of 1st period - Stopped by Marty Turco with a rebound.
4:17 of 1st period - Shot by Marc-Andre Bergeron.
4:17 of 1st period - Shot Blocked by Tyler Myers.
4:17 of 1st period - Tyler Myers from Sabres is injured at 4:17 of 1st period (Sprained Right Finger).
4:18 of 1st period - Frans Nielsen wins face-off versus Tuomo Ruutu in Sabres zone.
4:25 of 1st period - Shot by Alexei Ponikarovsky.
4:25 of 1st period - Shot Misses the Net.
4:27 of 1st period - Shot by Brian Rafalski.
4:27 of 1st period - Shot Blocked by Jeff Schultz.
4:35 of 1st period - Shot by Alexei Ponikarovsky.
4:35 of 1st period - Shot Blocked by Tuomo Ruutu.
4:37 of 1st period - Shot by Brian Rafalski.
4:37 of 1st period - Stopped by Marty Turco without a rebound.
4:38 of 1st period - Mike Richards wins face-off versus Anze Kopitar in Sabres zone.
6:04 of 1st period - Shot by Andrew Brunette.
6:04 of 1st period - Shot Blocked by Luke Schenn.
6:06 of 1st period - Shot by Jaroslav Spacek.
6:06 of 1st period - Stopped by Marty Turco without a rebound.
6:07 of 1st period - Frans Nielsen wins face-off versus Paul Gaustad in Sabres zone.
6:25 of 1st period - Johan Franzen is hit by Chad Larose and loses puck.
6:35 of 1st period - Icing by Marc-Andre Bergeron.
6:36 of 1st period - Mike Richards wins face-off versus Frans Nielsen in Panthers zone.
6:55 of 1st period - Shot by Mike Richards.
6:55 of 1st period - Goal by Mike Richards - Panthers : 0 - Sabres : 1.
6:56 of 1st period - Rich Peverley wins face-off versus Brooks Laich in neutral zone.
8:10 of 1st period - Icing by Brian Rafalski.
8:11 of 1st period - James Neal wins face-off versus Anze Kopitar in Panthers zone.
8:13 of 1st period - Minor Penalty to Patrick Kaleta for Tripping.
8:14 of 1st period - Mike Richards wins face-off versus Anze Kopitar in Sabres zone.
8:20 of 1st period - Icing by Marc-Andre Bergeron.
8:21 of 1st period - Mike Richards wins face-off versus Anze Kopitar in Panthers zone.
9:40 of 1st period - Shot by Andrew Brunette.
9:40 of 1st period - Shot Blocked by Paul Gaustad.
9:52 of 1st period - Shot by Stephane Robidas.
9:52 of 1st period - Shot Blocked by Chris Phillips.
10:20 of 1st period - Shot by Chad Larose.
10:20 of 1st period - Shot Blocked by Chris Phillips.
10:20 of 1st period - Chris Phillips from Sabres is injured at 10:20 of 1st period (Left Foot).
10:21 of 1st period - Anze Kopitar wins face-off versus Mike Richards in Sabres zone.
10:24 of 1st period - Shot by Curtis Glencross.
10:24 of 1st period - Stopped by Marty Turco without a rebound.
10:25 of 1st period - Paul Gaustad wins face-off versus Anze Kopitar in Sabres zone.
11:07 of 1st period - Off-side.
11:08 of 1st period - Frans Nielsen wins face-off versus Brooks Laich in neutral zone.
11:26 of 1st period - Brooks Laich is hit by Stephane Robidas and loses puck.
11:48 of 1st period - Icing by Marc-Andre Bergeron.
11:49 of 1st period - Mike Richards wins face-off versus Frans Nielsen in Panthers zone.
12:26 of 1st period - Shot by Andrew Brunette.
12:26 of 1st period - Stopped by Marty Turco without a rebound.
12:27 of 1st period - Alexei Ponikarovsky wins face-off versus James Neal in Sabres zone.
12:35 of 1st period - Shot by Rich Peverley.
12:35 of 1st period - Shot Misses the Net.
12:46 of 1st period - Rich Peverley is hit by Luke Schenn and loses puck.
12:50 of 1st period - Icing by Luke Schenn.
12:51 of 1st period - Anze Kopitar wins face-off versus James Neal in Sabres zone.
13:14 of 1st period - Brian Rafalski is hit by Karl Alzner and loses puck.
13:25 of 1st period - Shot by Anze Kopitar.
13:25 of 1st period - Stopped by Marty Turco without a rebound.
13:26 of 1st period - Mikael Samuelsson wins face-off versus Mike Richards in Sabres zone.
13:33 of 1st period - Shot by Rich Peverley.
13:33 of 1st period - Shot Misses the Net.
13:35 of 1st period - Shot by Mikael Samuelsson.
13:35 of 1st period - Shot Misses the Net.
13:39 of 1st period - Shot by Mikael Samuelsson.
13:39 of 1st period - Goal by Mikael Samuelsson - Panthers : 1 - Sabres : 1.
13:40 of 1st period - Frans Nielsen wins face-off versus Mike Richards in neutral zone.
13:54 of 1st period - Shot by Frans Nielsen.
13:54 of 1st period - Shot Misses the Net.
14:17 of 1st period - Icing by Chad Larose.
14:18 of 1st period - Frans Nielsen wins face-off versus Paul Gaustad in Panthers zone.
14:18 of 1st period - Frans Nielsen is hit by Patrick Kaleta.
15:19 of 1st period - Shot by Andrew Brunette.
15:19 of 1st period - Shot Blocked by Brooks Laich.
15:21 of 1st period - Shot by Anze Kopitar.
15:21 of 1st period - Shot Blocked by Jeff Schultz.
15:25 of 1st period - Shot by Anze Kopitar.
15:25 of 1st period - Shot Misses the Net.
15:29 of 1st period - Shot by Brian Rafalski.
15:29 of 1st period - Shot Misses the Net.
15:31 of 1st period - Shot by Anze Kopitar.
15:31 of 1st period - Shot Misses the Net.
15:33 of 1st period - Shot by Anze Kopitar.
15:33 of 1st period - Shot Misses the Net.
15:39 of 1st period - Shot by Andrew Brunette.
15:39 of 1st period - Stopped by Marty Turco without a rebound.
15:40 of 1st period - Anze Kopitar wins face-off versus Mike Richards in Sabres zone.
15:51 of 1st period - Shot by Anze Kopitar.
15:51 of 1st period - Stopped by Marty Turco without a rebound.
15:52 of 1st period - Mike Richards wins face-off versus Frans Nielsen in Sabres zone.
16:20 of 1st period - Shot by Mike Richards.
16:20 of 1st period - Shot Hit the Post.
17:40 of 1st period - Shot by Brian Rafalski.
17:40 of 1st period - Shot Misses the Net.
17:48 of 1st period - Shot by Brooks Laich.
17:48 of 1st period - Stopped by Niklas Backstrom without a rebound.
17:49 of 1st period - Devin Setoguchi wins face-off versus Anze Kopitar in Panthers zone.
18:44 of 1st period - Shot by Mike Richards.
18:44 of 1st period - Stopped by Niklas Backstrom without a rebound.
18:45 of 1st period - Johan Franzen wins face-off versus Rich Peverley in Panthers zone.
18:45 of 1st period - Eric Fehr is hit by Craig Rivet and loses puck.
18:49 of 1st period - Icing by Alexei Ponikarovsky.
18:50 of 1st period - Rich Peverley wins face-off versus Mike Richards in Panthers zone.
18:55 of 1st period - Minor Penalty to Alexei Ponikarovsky for Hooking.
18:56 of 1st period - Mike Richards wins face-off versus Rich Peverley in Panthers zone.
19:19 of 1st period - Icing by Mike Richards.
19:20 of 1st period - Frans Nielsen wins face-off versus Mike Richards in Sabres zone.

Period #2

0:01 of 2nd period - Mike Richards wins face-off versus Frans Nielsen in neutral zone.
1:16 of 2nd period - Minor Penalty to Luke Schenn for Hooking.
1:17 of 2nd period - Mike Richards wins face-off versus Anze Kopitar in Sabres zone.
1:34 of 2nd period - Shot by Marc-Andre Bergeron.
1:34 of 2nd period - Shot Blocked by Paul Gaustad.
2:52 of 2nd period - Shot by Johan Franzen.
2:52 of 2nd period - Shot Blocked by Stephane Robidas.
2:54 of 2nd period - Shot by Paul Gaustad.
2:54 of 2nd period - Shot Misses the Net.
3:40 of 2nd period - Shot by Johan Franzen.
3:40 of 2nd period - Stopped by Niklas Backstrom without a rebound.
3:41 of 2nd period - Frans Nielsen wins face-off versus Mike Richards in Panthers zone.
3:49 of 2nd period - Shot by Curtis Glencross.
3:49 of 2nd period - Stopped by Marty Turco without a rebound.
3:50 of 2nd period - Mike Richards wins face-off versus Frans Nielsen in Sabres zone.
5:18 of 2nd period - Icing by Brian Rafalski.
5:19 of 2nd period - Anze Kopitar wins face-off versus Dmitry Kulikov in Panthers zone.
5:21 of 2nd period - Icing by Brian Rafalski.
5:22 of 2nd period - Anze Kopitar wins face-off versus Kim Johnsson in Panthers zone.
5:24 of 2nd period - Icing by Brian Rafalski.
5:25 of 2nd period - Anze Kopitar wins face-off versus Paul Gaustad in Panthers zone.
6:09 of 2nd period - Icing by Kim Johnsson.
6:10 of 2nd period - Paul Gaustad wins face-off versus Frans Nielsen in Sabres zone.
7:13 of 2nd period - Minor Penalty to Patrick Kaleta for Interference.
7:14 of 2nd period - Johan Franzen wins face-off versus Maxim Afinogenov in Sabres zone.
9:02 of 2nd period - Brooks Laich is hit by Alexei Ponikarovsky and loses puck.
9:17 of 2nd period - Shot by Jeff Schultz.
9:17 of 2nd period - Goal by Jeff Schultz - Panthers : 1 - Sabres : 2.
9:18 of 2nd period - Anze Kopitar wins face-off versus Jeff Schultz in neutral zone.
9:18 of 2nd period - Curtis Glencross is hit by Tuomo Ruutu and loses puck.
9:35 of 2nd period - Shot by Devin Setoguchi.
9:35 of 2nd period - Deflect By Tuomo Ruutu.
9:35 of 2nd period - Shot Blocked by Brian Rafalski.
10:17 of 2nd period - Shot by Eric Fehr.
10:17 of 2nd period - Stopped by Niklas Backstrom with a rebound.
10:19 of 2nd period - Shot by Brooks Laich.
10:19 of 2nd period - Shot Blocked by Brian Rafalski.
10:49 of 2nd period - Shot by Johan Franzen.
10:49 of 2nd period - Stopped by Niklas Backstrom without a rebound.
10:50 of 2nd period - Rich Peverley wins face-off versus James Neal in Panthers zone.
10:50 of 2nd period - Rich Peverley is hit by James Neal.
11:06 of 2nd period - Shot by Mikael Samuelsson.
11:06 of 2nd period - Stopped by Marty Turco with a rebound.
11:08 of 2nd period - Shot by Rich Peverley.
11:08 of 2nd period - Stopped by Marty Turco without a rebound.
11:09 of 2nd period - Mike Richards wins face-off versus Frans Nielsen in Sabres zone.
11:22 of 2nd period - Shot by Brooks Laich.
11:22 of 2nd period - Stopped by Niklas Backstrom with a rebound.
11:26 of 2nd period - Shot by Mike Richards.
11:26 of 2nd period - Goal by Mike Richards - Panthers : 1 - Sabres : 3.
11:27 of 2nd period - Mikael Samuelsson wins face-off versus James Neal in neutral zone.
11:34 of 2nd period - Shot by Rich Peverley.
11:34 of 2nd period - Stopped by Marty Turco with a rebound.
11:44 of 2nd period - Shot by Paul Gaustad.
11:44 of 2nd period - Stopped by Niklas Backstrom without a rebound.
11:45 of 2nd period - Frans Nielsen wins face-off versus Mike Richards in Panthers zone.
12:43 of 2nd period - Mikael Samuelsson is hit by Luke Schenn and loses puck.
12:59 of 2nd period - Alexei Ponikarovsky is hit by Luke Schenn and loses puck.
13:16 of 2nd period - James Neal is hit by Alexei Ponikarovsky and loses puck.
13:33 of 2nd period - Shot by James Neal.
13:33 of 2nd period - Shot Blocked by Jaroslav Spacek.
14:17 of 2nd period - Shot by Andrew Brunette.
14:17 of 2nd period - Shot Misses the Net.
14:57 of 2nd period - Shot by Mike Richards.
14:57 of 2nd period - Stopped by Niklas Backstrom without a rebound.
14:58 of 2nd period - Mike Richards wins face-off versus Pierre-Marc Bouchard in Panthers zone.
15:08 of 2nd period - Shot by Kim Johnsson.
15:08 of 2nd period - Shot Misses the Net.
15:10 of 2nd period - Shot by Mike Richards.
15:10 of 2nd period - Shot Misses the Net.
15:14 of 2nd period - Shot by Mike Richards.
15:14 of 2nd period - Goal by Mike Richards - Panthers : 1 - Sabres : 4.
15:15 of 2nd period - Anze Kopitar wins face-off versus Paul Gaustad in neutral zone.
16:16 of 2nd period - Shot by Pierre-Marc Bouchard.
16:16 of 2nd period - Shot Misses the Net.
17:03 of 2nd period - Chad Larose is hit by Mike Richards and loses puck.
17:11 of 2nd period - Off-side.
17:12 of 2nd period - Paul Gaustad wins face-off versus Rich Peverley in neutral zone.
18:13 of 2nd period - Shot by Frans Nielsen.
18:13 of 2nd period - Stopped by Marty Turco without a rebound.
18:14 of 2nd period - Anze Kopitar wins face-off versus Mike Richards in Sabres zone.
18:25 of 2nd period - Shot by Andrew Brunette.
18:25 of 2nd period - Stopped by Marty Turco without a rebound.
18:26 of 2nd period - Curtis Glencross wins face-off versus Brooks Laich in Sabres zone.
18:40 of 2nd period - Icing by Jeff Schultz.
18:41 of 2nd period - Frans Nielsen wins face-off versus Brooks Laich in Sabres zone.
19:20 of 2nd period - Shot by Patrick Kaleta.
19:20 of 2nd period - Deflect By Tuomo Ruutu.
19:20 of 2nd period - Goal by Tuomo Ruutu - Panthers : 1 - Sabres : 5.
19:20 of 2nd period - Rick Dipietro enters game.
19:21 of 2nd period - Rich Peverley wins face-off versus James Neal in neutral zone.
19:39 of 2nd period - Minor Penalty to James Neal for Interference.
19:40 of 2nd period - Mike Richards wins face-off versus Frans Nielsen in Sabres zone.

Period #3

0:01 of 3rd period - Anze Kopitar wins face-off versus Brooks Laich in neutral zone.
0:49 of 3rd period - Anze Kopitar is hit by Tuomo Ruutu and loses puck.
0:54 of 3rd period - Kim Johnsson is hit by Anze Kopitar and loses puck.
2:06 of 3rd period - Shot by Maxim Afinogenov.
2:06 of 3rd period - Deflect By Curtis Glencross.
2:06 of 3rd period - Shot Misses the Net.
2:35 of 3rd period - Shot by Devin Setoguchi.
2:35 of 3rd period - Shot Blocked by Brian Rafalski.
2:37 of 3rd period - Shot by Johan Franzen.
2:37 of 3rd period - Deflect By Devin Setoguchi.
2:37 of 3rd period - Goal by Devin Setoguchi - Panthers : 1 - Sabres : 6.
2:38 of 3rd period - Mike Richards wins face-off versus Rich Peverley in neutral zone.
2:38 of 3rd period - Mike Richards is hit by Mikael Samuelsson.
3:17 of 3rd period - Icing by Alexei Ponikarovsky.
3:18 of 3rd period - Patrick Kaleta wins face-off versus Rich Peverley in Panthers zone.
3:19 of 3rd period - Shot by Johan Franzen.
3:19 of 3rd period - Shot Blocked by Jaroslav Spacek.
3:21 of 3rd period - Shot by Johan Franzen.
3:21 of 3rd period - Stopped by Rick Dipietro without a rebound.
3:22 of 3rd period - Paul Gaustad wins face-off versus Frans Nielsen in Panthers zone.
3:22 of 3rd period - Kim Johnsson is hit by Stephane Robidas.
4:33 of 3rd period - Icing by Joni Pitkanen.
4:34 of 3rd period - Anze Kopitar wins face-off versus Mike Richards in Sabres zone.
4:41 of 3rd period - Shot by Curtis Glencross.
4:41 of 3rd period - Stopped by Marty Turco with a rebound.
5:01 of 3rd period - Anze Kopitar is hit by Luke Schenn and loses puck.
5:31 of 3rd period - Marc-Andre Bergeron is hit by Patrick Kaleta and loses puck.
5:37 of 3rd period - Minor Penalty to Luke Schenn for Roughing.
5:38 of 3rd period - Tuomo Ruutu wins face-off versus Andrew Brunette in Sabres zone.
6:11 of 3rd period - Shot by Rich Peverley.
6:11 of 3rd period - Shot Misses the Net.
7:22 of 3rd period - Shot by Frans Nielsen.
7:22 of 3rd period - Stopped by Marty Turco without a rebound.
7:23 of 3rd period - Frans Nielsen wins face-off versus Mike Richards in Sabres zone.
7:56 of 3rd period - Minor Penalty to Chad Larose for High sticking.
7:57 of 3rd period - Rich Peverley wins face-off versus Mike Richards in Panthers zone.
8:21 of 3rd period - Craig Rivet is hit by Mike Richards and loses puck.
8:50 of 3rd period - Shot by Jeff Schultz.
8:50 of 3rd period - Stopped by Rick Dipietro without a rebound.
8:51 of 3rd period - Frans Nielsen wins face-off versus Paul Gaustad in Panthers zone.
9:06 of 3rd period - Shot by Joni Pitkanen.
9:06 of 3rd period - Shot Misses the Net.
9:08 of 3rd period - Shot by Paul Gaustad.
9:08 of 3rd period - Shot Misses the Net.
9:10 of 3rd period - Shot by Joni Pitkanen.
9:10 of 3rd period - Goal by Joni Pitkanen - Panthers : 1 - Sabres : 7.
9:11 of 3rd period - Frans Nielsen wins face-off versus Brooks Laich in neutral zone.
9:29 of 3rd period - Icing by James Neal.
9:30 of 3rd period - Anze Kopitar wins face-off versus Brooks Laich in Sabres zone.
9:35 of 3rd period - Shot by Curtis Glencross.
9:35 of 3rd period - Deflect By Anze Kopitar.
9:35 of 3rd period - Shot Misses the Net.
11:00 of 3rd period - Shot by Mike Richards.
11:00 of 3rd period - Stopped by Rick Dipietro with a rebound.
11:02 of 3rd period - Shot by Joni Pitkanen.
11:02 of 3rd period - Stopped by Rick Dipietro without a rebound.
11:03 of 3rd period - Eric Fehr wins face-off versus Frans Nielsen in Panthers zone.
11:08 of 3rd period - Shot by Mike Richards.
11:08 of 3rd period - Stopped by Rick Dipietro with a rebound.
11:10 of 3rd period - Shot by Joni Pitkanen.
11:10 of 3rd period - Shot Misses the Net.
11:12 of 3rd period - Shot by Dmitry Kulikov.
11:12 of 3rd period - Stopped by Rick Dipietro with a rebound.
11:16 of 3rd period - Shot by Mike Richards.
11:16 of 3rd period - Shot Misses the Net.
11:18 of 3rd period - Shot by Jeff Schultz.
11:18 of 3rd period - Shot Misses the Net.
11:20 of 3rd period - Shot by Jeff Schultz.
11:20 of 3rd period - Deflect By Mike Richards.
11:20 of 3rd period - Shot Blocked by Stephane Robidas.
11:24 of 3rd period - Shot by Eric Fehr.
11:24 of 3rd period - Stopped by Rick Dipietro without a rebound.
11:25 of 3rd period - Anze Kopitar wins face-off versus Mike Richards in Panthers zone.
11:35 of 3rd period - Minor Penalty to Aaron Johnson for Hooking.
11:36 of 3rd period - Frans Nielsen wins face-off versus Mike Richards in Panthers zone.
11:49 of 3rd period - Frans Nielsen is hit by Johan Franzen and loses puck.
12:21 of 3rd period - Off-side.
12:22 of 3rd period - James Neal wins face-off versus Rich Peverley in neutral zone.
12:31 of 3rd period - Shot by Kim Johnsson.
12:31 of 3rd period - Stopped by Rick Dipietro with a rebound.
12:33 of 3rd period - Shot by Jeff Schultz.
12:33 of 3rd period - Shot Blocked by Jaroslav Spacek.
12:37 of 3rd period - Shot by Luke Schenn.
12:37 of 3rd period - Shot Misses the Net.
12:39 of 3rd period - Shot by Luke Schenn.
12:39 of 3rd period - Stopped by Rick Dipietro without a rebound.
12:40 of 3rd period - Mike Richards wins face-off versus Chad Larose in Panthers zone.
12:51 of 3rd period - Shot by Mike Richards.
12:51 of 3rd period - Shot Misses the Net.
12:53 of 3rd period - Shot by Joni Pitkanen.
12:53 of 3rd period - Shot Blocked by Stephane Robidas.
13:24 of 3rd period - Icing by Paul Gaustad.
13:25 of 3rd period - Rich Peverley wins face-off versus James Neal in Sabres zone.
13:31 of 3rd period - Minor Penalty to Paul Gaustad for Hooking.
13:32 of 3rd period - Patrick Kaleta wins face-off versus Anze Kopitar in Sabres zone.
14:12 of 3rd period - Icing by Marc-Andre Bergeron.
14:13 of 3rd period - Anze Kopitar wins face-off versus Mike Richards in Panthers zone.
14:19 of 3rd period - Off-side.
14:20 of 3rd period - Jeff Schultz wins face-off versus Frans Nielsen in neutral zone.
15:14 of 3rd period - Stephane Robidas is hit by James Neal and loses puck.
15:27 of 3rd period - Shot by Stephane Robidas.
15:27 of 3rd period - Shot Misses the Net.
15:29 of 3rd period - Shot by Mikael Samuelsson.
15:29 of 3rd period - Shot Misses the Net.
15:33 of 3rd period - Shot by Maxim Afinogenov.
15:33 of 3rd period - Shot Misses the Net.
15:35 of 3rd period - Shot by Maxim Afinogenov.
15:35 of 3rd period - Goal by Maxim Afinogenov - Panthers : 2 - Sabres : 7.
15:36 of 3rd period - Mike Richards wins face-off versus Rich Peverley in neutral zone.
15:41 of 3rd period - Craig Rivet is hit by Mike Richards and loses puck.
15:55 of 3rd period - Shot by Alexei Ponikarovsky.
15:55 of 3rd period - Shot Misses the Net.
15:57 of 3rd period - Shot by Alexei Ponikarovsky.
15:57 of 3rd period - Stopped by Marty Turco without a rebound.
15:58 of 3rd period - Anze Kopitar wins face-off versus Paul Gaustad in Sabres zone.
16:03 of 3rd period - Shot by Maxim Afinogenov.
16:03 of 3rd period - Stopped by Marty Turco without a rebound.
16:04 of 3rd period - Patrick Kaleta wins face-off versus Maxim Afinogenov in Sabres zone.
16:11 of 3rd period - Shot by Johan Franzen.
16:11 of 3rd period - Stopped by Rick Dipietro with a rebound.
16:15 of 3rd period - Shot by Kim Johnsson.
16:15 of 3rd period - Stopped by Rick Dipietro without a rebound.
16:16 of 3rd period - Curtis Glencross wins face-off versus Mike Richards in Panthers zone.
17:21 of 3rd period - Shot by Pierre-Marc Bouchard.
17:21 of 3rd period - Stopped by Marty Turco without a rebound.
17:22 of 3rd period - Paul Gaustad wins face-off versus Rich Peverley in Sabres zone.
18:26 of 3rd period - Shot by Frans Nielsen.
18:26 of 3rd period - Shot Misses the Net.
18:57 of 3rd period - Victor Hedman is hit by Chad Larose and loses puck.
19:29 of 3rd period - Minor Penalty to Luke Schenn for Tripping.
19:30 of 3rd period - Andrew Brunette wins face-off versus Patrick Kaleta in Sabres zone.
19:39 of 3rd period - Shot by Andrew Brunette.
19:39 of 3rd period - Stopped by Marty Turco without a rebound.
19:40 of 3rd period - Johan Franzen wins face-off versus Frans Nielsen in Sabres zone.


Output by the SimonT Hockey Simulator (STHS) for Stephane Roy -- Original Page W3C XHTML 1.0 Valid